 Dungeon Crawl Stone Soup version 0.31-a0-949-g57150269e1 (webtiles) character file.

Game seed: 15232053857687540235

48 Squashgosh the Cudgeller (level 3, -1/34 HPs)
             Began as a Minotaur Berserker on Oct 21, 2023.
             Was a Follower of Trog.
             Slain by an iguana (9 damage)
             ... on level 2 of the Dungeon.
             The game lasted 00:09:25 (1290 turns).

Squashgosh the Cudgeller (Minotaur Berserker)       Turns: 1290, Time: 00:09:26

Health: -1/34      AC:  2    Str: 23    XL:     3   Next: 50%
Magic:  2/2        EV: 12    Int:  4    God:    Trog [*.....]
Gold:   70         SH:  0    Dex:  9    Spells: 2/2 levels left

rFire   . . .        a - +0 mace
rCold   . . .        (no shield)
rNeg    . . .        b - +0 animal skin
rPois   .            (helmet restricted)
rElec   .            (no cloak)
rCorr   .            (no gloves)
SInv    .            (no boots)
Will    .....        (no amulet)
Stlth   +            (no ring)
HPRegen 0.25/turn    (no ring)
MPRegen 0.08/turn

%: no passive effects
@: no status effects
A: horns 2, retaliatory headbutt
a: Renounce Religion, Berserk


You were on level 2 of the Dungeon.
You worshipped Trog.
Trog was aware of your devotion.
You visited 1 branch of the dungeon, and saw 2 of its levels.

You collected 70 gold pieces.

Inventory:

Hand Weapons
 a - a +0 mace (weapon)
 e - a +0 hand axe
Armour
 b - a +0 animal skin (worn)
Talismans
 f - a blade talisman
Scrolls
 c - 4 scrolls of identify {unknown}
 g - 4 scrolls of noise {unknown}
 h - a scroll of enchant armour {unknown}
Potions
 d - a potion of enlightenment {unknown}
 i - 2 potions of haste {unknown}


   Skills:
 + Level 4.3 Fighting
 + Level 4.5 Maces & Flails
 + Level 2.5 Armour
 + Level 2.7 Dodging
 + Level 0.2 Stealth


You had 2 spell levels left.
You didn't know any spells.
Your spell library was empty.

Dungeon Overview and Level Annotations

Branches:
Dungeon (2/15)

Altars:

Shops:
D:2 [


Innate Abilities, Weirdness & Mutations

You have a pair of horns on your head.
You reflexively headbutt those who attack you in melee.


Message History

You kill the worm!
Trog accepts your kill.
i - a cyan potion
Found 13 gold pieces.
Found a cyan potion.
You now have 58 gold pieces (gained 13).
i - 2 cyan potions (gained 1)
Found a stone staircase leading up.
Found 12 gold pieces.
Unknown command.
Unknown command.
There is a stone staircase leading up here.
You now have 70 gold pieces (gained 12).
There is a stone staircase leading up here.
Found Pecvul's Armour Boutique.
Found a stone staircase leading down.
There is an entrance to Pecvul's Armour Boutique here.
An endoplasm comes into view.
The endoplasm quivers.
There is a stone staircase leading down here.
You hit the endoplasm. You headbutt the endoplasm.
You kill the endoplasm!
Trog accepts your kill.
There is an entrance to Pecvul's Armour Boutique here.
There is an entrance to Pecvul's Armour Boutique here.
An iguana comes into view.
The iguana bites you!
You hit the iguana.
The iguana is lightly wounded.
The iguana bites you! The iguana bites you.
You hit the iguana but do no damage. You headbutt the iguana.
The iguana is moderately wounded.
The iguana bites you.
* * * LOW HITPOINT WARNING * * *
You barely miss the iguana.
The iguana is moderately wounded.
The iguana completely misses you.
You thump the iguana! You headbutt the iguana.
The iguana is almost dead.
The iguana bites you!
You die...

#.#.######..#.######.##
#.#.# #..#.# #.# #.#∩#
#..#.# #.#
#...######..#.# #.#
##.>.....#..#.# #.#
#..####.####.# #.#
#..##........# #.#
#..##.#.###########.#
#..##.#.......l@....#
#..## ###############
#..# #..#


You could see an iguana.

Vanquished Creatures
  An adder (D:2)
  A worm (D:2)
  A dart slug (D:1)
  4 endoplasms
  2 goblins (D:1)
  3 hobgoblins
  4 jackals (D:1)
  A kobold (D:1)
  A quokka (D:1)
  8 ball pythons
  A bat (D:1)
  2 frilled lizards
  3 rats
32 creatures vanquished.

Notes
Turn   | Place    | Note
-------+----------+-------------------------------------------
     0 | D:1      | Squashgosh the Minotaur Berserker began the quest for the
                  | Orb.
     0 | D:1      | Reached XP level 1. HP: 19/19 MP: 0/0
   307 | D:1      | Reached XP level 2. HP: 27/27 MP: 1/1
   980 | D:2      | Reached XP level 3. HP: 25/33 MP: 2/2
  1187 | D:2      | Found Pecvul's Armour Boutique.
  1290 | D:2      | Slain by an iguana

Illustrated notes

Levels and vault maps discovered:
D:1:      mainiacjoe_arrival_reflecting_pool, layout_loops_cross
D:2:      layout_basic, serial_shops, shop, basic_ecumenical_altar,
          grunt_ministairs_15

Skill      XL: |  1  2 |
---------------+-------+-----
Fighting       | 4 |  4.3
Maces & Flails | 4 |  4.5
Armour         | |  2.5
Dodging        | |  2.7
Stealth        | |  0.2

Action                     || total
---------------------------++-------
  Melee: Mace              ||    60
         Headbutt          ||    10
   Stab: Sleeping          ||     1
 Armour: Animal skin       ||    33
  Dodge: Dodged            ||    45

Table legend: (Time is in decaauts)
 A = Elapsed time spent in this place.
 B = Non-inter-level travel time spent in this place.
 C = Inter-level travel time spent in this place.
 D = Time resting spent in this place.
 E = Time spent auto-exploring this place.
 F = Levels seen in this place.
 G = Mean time per level.
                   A        B        C        D        E       F      G
               +--------+--------+--------+--------+--------+-----+--------+
         Total |   1301 |    174 |   1127 |      0 |      0 |   2 |  650.5 |
       Dungeon |   1301 |    174 |   1127 |      0 |      0 |   2 |  650.5 |
               +--------+--------+--------+--------+--------+-----+--------+

Top non-repeatable levels by time:
     D:1: 902 daAuts
     D:2: 398 daAuts
